Map: Triton LE

Players

Marsman

  • Race: Protoss Protoss
  • Spawn Location: 11:00

PtitDrogo - Winner!

  • Race: Protoss Protoss
  • Spawn Location: 5:00

Event: IEM Katowice 2020

VOD

Have the link to the VOD?

Description

Time

  • Played on: Feb. 25, 2020, 5:49 a.m.
  • Length: 10:04

All games in this series

Show
View Real Time Build Order
Export as new Build Order

Marsman Protoss 

Build Orders: Zealot Archon 

Get SALT Encoding   

  12  0:00  Probe  
  13  0:12  Probe  
  14  0:17  Pylon  
  14  0:25  Probe  
  15  0:37  Gateway  
  15  0:38  Probe (Chrono Boost)  
  16  0:44  Assimilator  
  17  0:50  Probe (Chrono Boost)  
  17  0:52  Assimilator  
  17  0:55  Probe (Chrono Boost)  
  18  1:05  Probe (Chrono Boost)  
  18  1:08  Gateway  
  19  1:14  Probe (Chrono Boost)  
  20  1:19  Probe (Chrono Boost)  
  21  1:26  Cybernetics Core  
  21  1:31  Probe  
  22  1:39  Pylon  
  22  1:43  Probe  
  23  1:55  Pylon  
  23  2:03  Warp Gate (Chrono Boost)  
  23  2:08  Pylon  
  23  2:13  Stalker x2  
  23  2:15  Probe  
  28  2:27  Probe  
  29  2:39  Probe  
  29  2:44  Sentry x2  
  34  2:53  Nexus  
  34  2:54  Probe  
  35  3:01  Pylon  
  35  3:07  Probe (Chrono Boost)  
  36  3:19  Probe (Chrono Boost)  
  37  3:23  Stalker  
  37  3:24  Sentry  
  37  3:26  Probe (Chrono Boost)  
  42  3:33  Probe  
  43  3:45  Probe, Robotics Facility  
  44  3:51  Forge  
  44  3:59  Probe (Chrono Boost)  
  45  4:03  Pylon  
  45  4:05  Probe (Chrono Boost)  
  47  4:10  Shield Battery  
  47  4:14  Probe (Chrono Boost)  
  47  4:17  Probe (Chrono Boost)  
  48  4:22  Probe (Chrono Boost)  
  50  4:25  Protoss Ground Weapons Level 1 (Chrono Boost), Shield Battery  
  50  4:27  Probe (Chrono Boost)  
  50  4:28  Probe (Chrono Boost)  
  51  4:33  Probe  
  51  4:35  Probe, Observer  
  54  4:39  Shield Battery  
  54  4:45  Stalker x2  
  58  4:46  Probe  
  58  4:48  Assimilator  
  58  4:51  Pylon  
  59  4:53  Assimilator, Shield Battery  
  59  4:57  Probe  
  59  4:59  Probe, Twilight Council  
  61  5:03  Shield Battery  
  61  5:09  Probe, Stalker x2  
  66  5:19  Probe  
  67  5:21  Probe  
  67  5:26  Gateway  
  67  5:27  Gateway  
  68  5:33  Immortal  
  72  5:36  Probe  
  72  5:39  Charge  
  73  5:48  Gateway  
  73  5:51  Gateway  
  73  5:54  Gateway  
  73  5:58  Gateway  
  73  6:03  Templar Archives  
  72  6:08  Pylon  
  72  6:13  Protoss Ground Weapons Level 2 (Chrono Boost)  
  72  6:15  Immortal  
  76  6:31  Zealot x3  
  82  6:33  Zealot  
  84  6:40  Pylon  
  84  6:54  Pylon  
  84  7:02  Nexus  
  84  7:04  Pylon  
  84  7:14  High Templar x4  
  84  7:15  Zealot  
  94  7:18  Pylon  
  94  7:19  Archon  
  94  7:21  Warp Prism  
  96  7:26  High Templar x2  
  96  7:27  Zealot  
  102  7:31  Archon  
  102  7:36  Probe x2, Pylon  
  104  7:37  High Templar  
  104  7:41  Archon  
  106  7:47  High Templar  
  106  7:48  Zealot  
  110  7:53  Archon  
  110  7:54  Probe x2  
  110  7:56  Pylon  
  110  7:57  Pylon  
  112  8:00  Zealot x3  
  112  8:04  Pylon  
  118  8:14  Probe  
  118  8:15  High Templar x2  
  118  8:16  Zealot x2  
  125  8:21  Archon  
  125  8:26  Zealot x4  
  133  8:38  Zealot x2  
  136  8:50  Probe  
  137  9:03  High Templar x2  
  137  9:04  Zealot x6  
  137  9:08  Archon  
  153  9:25  Zealot x2  
  155  9:31  Zealot  
  155  9:35  Zealot x3  
  155  9:36  Zealot x2  
  103  9:59  High Templar x3  
  105  10:00  Zealot x5  
Show
View Real Time Build Order
Export as new Build Order

PtitDrogo Protoss - Winner!

Build Orders: Zealot Archon 

Get SALT Encoding   

  12  0:00  Probe  
  13  0:13  Probe  
  14  0:17  Pylon  
  14  0:25  Probe (Chrono Boost)  
  15  0:36  Gateway  
  15  0:37  Probe (Chrono Boost)  
  16  0:45  Probe (Chrono Boost)  
  16  0:46  Assimilator  
  17  0:51  Probe  
  17  0:54  Assimilator  
  18  1:03  Probe (Chrono Boost)  
  19  1:08  Gateway  
  19  1:13  Probe (Chrono Boost)  
  19  1:18  Probe (Chrono Boost)  
  20  1:23  Cybernetics Core  
  21  1:29  Probe  
  22  1:34  Pylon  
  22  1:42  Probe  
  23  1:54  Probe  
  24  1:57  Warp Gate (Chrono Boost)  
  24  2:00  Sentry, Stalker  
  28  2:09  Probe  
  28  2:14  Pylon  
  30  2:25  Pylon  
  30  2:28  Stalker  
  31  2:32  Stalker  
  33  2:49  Nexus  
  33  2:56  Shield Battery  
  33  2:57  Probe  
  34  3:03  Sentry  
  34  3:04  Sentry  
  38  3:10  Pylon  
  38  3:13  Probe  
  39  3:24  Robotics Facility  
  39  3:28  Probe  
  40  3:38  Adept  
  40  3:40  Probe (Chrono Boost), Adept  
  45  3:51  Probe (Chrono Boost)  
  46  3:57  Probe (Chrono Boost)  
  46  4:01  Probe (Chrono Boost), Stalker  
  50  4:03  Stalker  
  53  4:12  Probe (Chrono Boost)  
  53  4:14  Probe (Chrono Boost)  
  54  4:17  Probe (Chrono Boost)  
  54  4:24  Immortal  
  59  4:29  Probe (Chrono Boost)  
  61  4:32  Pylon  
  61  4:34  Probe (Chrono Boost)  
  62  4:38  Probe (Chrono Boost)  
  62  4:39  Forge  
  62  4:47  Pylon  
  62  4:50  Probe x2  
  64  4:54  Assimilator  
  64  5:02  Probe x2  
  64  5:03  Immortal (Chrono Boost)  
  70  5:08  Protoss Ground Weapons Level 1 (Chrono Boost)  
  70  5:09  Assimilator  
  70  5:14  Probe  
  71  5:18  Probe  
  70  5:26  Probe  
  70  5:28  Twilight Council  
  71  5:33  Warp Prism (Chrono Boost)  
  73  5:45  Gateway x2  
  73  5:46  Pylon  
  73  5:59  Observer (Chrono Boost)  
  73  6:03  Charge (Chrono Boost)  
  74  6:08  Gateway  
  74  6:09  Templar Archives  
  74  6:10  Gateway  
  74  6:13  Gateway  
  74  6:15  Gateway  
  74  6:24  Nexus  
  74  6:26  Pylon  
  74  6:52  High Templar x2  
  74  6:53  High Templar x2  
  82  6:57  Archon  
  82  6:58  Archon  
  82  7:04  Zealot x2  
  82  7:07  Protoss Ground Weapons Level 2 (Chrono Boost)  
  86  7:12  Immortal  
  86  7:14  Probe  
  88  7:20  Zealot x2  
  91  7:24  Pylon  
  91  7:26  Pylon  
  91  7:33  Zealot  
  93  7:37  High Templar x2  
  93  7:38  Zealot x3  
  93  7:39  Probe x3  
  93  7:42  Archon  
  106  7:47  Shield Battery  
  106  7:49  Shield Battery  
  106  7:51  Probe x2  
  106  7:55  Shield Battery  
  106  7:57  Zealot x3  
  115  7:58  Probe  
  115  8:04  Pylon  
  115  8:22  Gateway  
  115  8:24  High Templar x2, Gateway  
  115  8:25  Zealot x3  
  115  8:26  Zealot x3  
  131  8:29  Pylon  
  131  8:35  Pylon  
  131  8:41  Observer  
  131  8:46  Zealot  
  133  8:49  Stalker  
  133  8:50  Zealot x3  
  133  8:51  Pylon  
  141  8:59  Assimilator  
  141  9:00  Archon  
  141  9:01  Assimilator  
  141  9:03  High Templar x2  
  141  9:04  High Templar  
  141  9:06  High Templar  
  141  9:08  Pylon  
  149  9:10  Archon x2, Pylon  
  143  9:20  Zealot x5  
  153  9:28  Zealot  
  153  9:36  Zealot  
  135  9:41  Zealot x6  
  117  9:50  Zealot  
  107  10:03  Pylon  

Tags
 
Add a new tag
Caveats
  • Supply blocks, unpowered buildings, or Contaminate may cause inaccurate times.
  • Supply counts are checked every 10 seconds.